 Dungeon Crawl Stone Soup version 0.27-a0-421-g7ddf969dea (webtiles) character file.

Game seed: 18434742646713254399

812 Anon1729 the Ducker (level 7, -6/91 HPs)
             Began as a Troll Earth Elementalist on Feb 26, 2021.
             Was an Initiate of Fedhas.
             Mangled by a killer bee (10 damage)
             ... on level 4 of the Dungeon.
             The game lasted 00:07:17 (3369 turns).

Anon1729 the Ducker (Troll Earth Elementalist)      Turns: 3369, Time: 00:07:19

Health: -6/91      AC:  5    Str: 18    XL:     7   Next: 61%
Magic:  11/11      EV: 11    Int: 12    God:    Fedhas [......]
Gold:   115        SH:  0    Dex: 10    Spells: 12/13 levels left

rFire    . . .     SeeInvis +   o - +3 quarterstaff (chaos)
rCold    . . .     Faith    .   (shield currently unavailable)
rNeg     . . .     Spirit   .   c - +0 robe
rPois    +         Reflect  .   (helmet restricted)
rElec    .         Harm     .   u - +0 cloak
rCorr    .         Rampage  .   (gloves unavailable)
Will     .....                  (boots unavailable)
Stlth    ..........             (no amulet)
HPRegen  1.25/turn              i - ring of see invisible
MPRegen  0.12/turn              n - ring of poison resistance

@: berserking, lethally poisoned (-6 -> -10), very quick
A: large, unfitting armour, claws 3, regeneration 1, shaggy fur 1, tough skin 1
a: Renounce Religion


You were on level 4 of the Dungeon.
You worshipped Fedhas.
Fedhas was noncommittal.
You visited 1 branch of the dungeon, and saw 5 of its levels.

You collected 115 gold pieces.

Inventory:

Hand Weapons
 o - a +3 quarterstaff of chaos (weapon)
Missiles
 b - 136 stones
Armour
 c - a +0 robe (worn)
 u - a +0 cloak (worn)
Jewellery
 i - a ring of see invisible (left claw)
 n - a ring of poison resistance (right claw)
 r - a ring of protection from cold
Wands
 q - a wand of iceblast (7)
Scrolls
 d - 6 scrolls of identify {unknown}
 e - a scroll of fear {unknown}
 f - a scroll of immolation {unknown}
 g - a scroll of teleportation {unknown}
 h - a scroll of fog {unknown}
 k - a scroll of enchant armour {unknown}
 m - a scroll of amnesia {unknown}
Potions
 j - a potion of lignification {unknown}
 l - 2 potions of flight
 p - a potion of cancellation
 s - a potion of berserk rage
 t - a potion of mutation {unknown}


   Skills:
 + Level 0.9 Fighting
 + Level 5.0 Dodging
 - Level 1.0 Stealth
 - Level 0.2 Unarmed Combat
 - Level 3.6 Spellcasting
 - Level 0.6 Transmutations
 - Level 3.3 Earth Magic
 + Level 1.0 Invocations


You had 12 spell levels left.
You knew the following spells:

 Your Spells              Type           Power        Failure   Level
a - Sandblast             Erth           20%          6%          1

Your spell library contained the following spells:

 Spells                   Type           Power        Failure   Level
 Passwall                 Tmut/Erth      5%           16%         2
 Magic Dart               Conj           8%           22%         1
 Blink                    Tloc           N/A          34%         2
 Call Imp                 Summ           2%           34%         2
 Slow                     Hex            2%           34%         2
 Stone Arrow              Conj/Erth      12%          34%         3
 Conjure Flame            Conj/Fire      2%           56%         3
 Mephitic Cloud           Conj/Pois/Air  2%           56%         3
 Petrify                  Tmut/Erth      6%           71%         4
 Lee's Rapid Deconstruct  Erth           5%           85%         5


Dungeon Overview and Level Annotations

Branches:
Dungeon (5/15)
 Temple: D:4-7

Altars:
Cheibriados
Fedhas
Nemelex Xobeh
Uskayaw

Annotations:
D:3 Natasha


Innate Abilities, Weirdness & Mutations

You are too large for most types of armour.
You have claws for hands.
Your natural rate of healing is unusually fast.
You are covered in fur. (AC +1)
You have tough skin. (AC +1)


Message History

The killer bee closely misses you. The killer bee barely misses you.
The killer bee stings you.
You are more poisoned.
The killer bee poisons you! The killer bee closely misses you.
The killer bee stings you!
* * * LOW HITPOINT WARNING * * *
It was a potion of cancellation.
Your magical effects are unravelling.
You feel magically purged.
You float gracefully downwards.
You feel sick.
The killer bee closely misses you. x2; The killer bee barely misses you.
The killer bee stings you.
* * * LOW HITPOINT WARNING * * *
The killer bee misses you.
The killer bee stings you but does no damage.
Unknown command.
It was a potion of berserk rage.
A red film seems to cover your vision as you go berserk!
You feel yourself moving faster!
You feel mighty!
You feel sick. The killer bee closely misses you. x3
The killer bee stings you but does no damage.
The killer bee stings you.
* * * LOW HITPOINT WARNING * * *
The killer bee barely misses you.
Unknown command.
You sock the killer bee!
The killer bee suddenly seems more agile.
The killer bee is severely wounded.
You feel sick. The killer bee barely misses you. The killer bee misses you.
The killer bee stings you!
* * * LOW HITPOINT WARNING * * *
You are more poisoned.
The killer bee poisons you!
Unknown command.
You completely miss the killer bee.
The killer bee is severely wounded.
You feel sick. The killer bee stings you.
* * * LOW HITPOINT WARNING * * *
The killer bee closely misses you. x3; The killer bee stings you!
You die...
Fedhas appreciates your contribution to the ecosystem.

#.#
#.####...#.........P
#.###.#
##.######...#.P
#.....#
#.........##.P
#####.#
#.#######)#..P
#.#####.# #.#...
#.......#### #.#...
####.##....# #.##..
#####y#####.# #.##..
#.By@y# ###.####.##..
#.##### #.....##.##..
#.# #.....##.##.. #.#
#........##.. #.#
####.....#####).
#.####..............#
#>.....##############
########


You could see a worker ant and 3 killer bees.

Vanquished Creatures
  An ice beast (D:2)
  An ogre (D:4)
  A centaur (D:4)
  A scorpion (D:4)
  A killer bee (D:4)
  A howler monkey (D:4)
  Crazy Yiuf (D:4)
  2 bullfrog skeletons (D:4)
  Ijyb (D:4)
  Terence (D:3)
  Natasha (D:3)
  An iguana (D:4)
  2 worker ants (D:4)
  3 gnolls (D:3)
  7 adders
  An ooze (D:2)
  2 dart slugs
  4 leopard geckos
  3 orcs (D:3)
  A ball python (D:3)
  2 giant cockroaches
  10 goblins
  6 hobgoblins
  11 jackals
  9 kobolds
  11 bats
  4 frilled lizards
  15 rats
  A bush (D:4)
105 creatures vanquished.

Vanquished Creatures (others)
  2 fungi (D:4)
2 creatures vanquished.

Grand Total: 107 creatures vanquished

Notes
Turn   | Place    | Note
-------+----------+-------------------------------------------
     0 | D:1      | Anon1729 the Troll Earth Elementalist began the quest for
                  | the Orb.
     0 | D:1      | Reached XP level 1. HP: 16/16 MP: 1/1
   110 | D:1      | Reached XP level 2. HP: 23/24 MP: 2/2
   982 | D:2      | Reached XP level 3. HP: 29/31 MP: 4/4
   983 | D:2      | Found a snail-covered altar of Cheibriados.
  1004 | D:2      | Reached skill level 2 in Dodging
  1116 | D:2      | Noticed an ice beast
  1229 | D:2      | Killed an ice beast
  1230 | D:2      | Reached skill level 3 in Dodging
  1230 | D:2      | Reached XP level 4. HP: 34/39 MP: 4/6
  1230 | D:2      | Reached XP level 5. HP: 39/45 MP: 4/7
  1338 | D:2      | Found a sparkling altar of Nemelex Xobeh.
  1984 | D:3      | Noticed Terence
  2002 | D:3      | Killed Terence
  2079 | D:3      | Reached XP level 6. HP: 52/53 MP: 9/9
  2117 | D:3      | Noticed Natasha
  2124 | D:3      | Killed Natasha
  2224 | D:3      | Noticed Natasha
  2373 | D:4      | Reached skill level 4 in Dodging
  2428 | D:4      | HP: 2/53 [ogre/+0 giant club (17)]
  2442 | D:4      | Noticed Ijyb
  2451 | D:4      | Paralysed by Ijyb for 5 turns
  2476 | D:4      | Paralysed by Ijyb for 7 turns
  2485 | D:4      | Killed Ijyb
  2493 | D:4      | Reached XP level 7. HP: 59/59 MP: 9/11
  2752 | D:4      | Found a blossoming altar of Fedhas.
  2764 | D:4      | Noticed Grinder
  2773 | D:4      | Paralysed by Grinder for 5 turns
  2830 | D:4      | Became a worshipper of Fedhas Madash
  3058 | D:4      | Found a runed translucent door.
  3059 | D:4      | Noticed Crazy Yiuf
  3198 | D:4      | HP: 3/61 [Crazy Yiuf/+3 quarterstaff of chaos (9)]
  3201 | D:4      | Killed Crazy Yiuf
  3311 | D:5      | Entered Level 5 of the Dungeon
  3311 | D:5      | Found a hide-covered altar of Uskayaw.
  3330 | D:4      | Reached skill level 5 in Dodging
  3330 | D:4      | Reached skill level 1 in Invocations
  3363 | D:4      | HP: 2/61 [killer bee (2)]
  3369 | D:4      | HP: 4/91 [killer bee (2)]
  3369 | D:4      | Mangled by a killer bee

Illustrated notes

Levels and vault maps discovered:
D:1:      minmay_arrival_stair_chambers, layout_loops_corners,
          minmay_tetromino_s4
D:2:      layout_rooms, kennysheep_slug_shrine,
          nemelex_xobeh_ov_fountains_minmay
D:3:      layout_rooms, nrook_campfire, uniq_natasha, uniq_terence
D:4:      layout_loops_ring, fedhas_bush_and_centaur_altar, uniq_ijyb,
          uniq_grinder, uniq_crazy_yiuf_cottage
D:5:      wad_woods_settlement, layout_basic, lemuel_doored_altar,
          eat_drink_and_be_merry_uskayaw, nzn_random_ring, uniq_edmund,
          uniq_sigmund

Skill      XL: |  1  2  3  4  5  6  7 |
---------------+----------------------+-----
Earth Magic    | 3 |  3.3
Dodging        | 3 4 5 |  5.0
Spellcasting   | 2 3 |  3.6
Invocations    | 1 |  1.0
Fighting       | |  0.9
Stealth        | |  1.0
Unarmed Combat | |  0.2
Transmutations | |  0.6

Action                   |  1- 3 |  4- 6 |  7- 9 || total
-------------------------+-------+-------+-------++-------
Melee: Unarmed           |   173 |   259 |    90 ||   522
       Quarterstaff      |       |       |     8 ||     8
Evoke: Wand              |       |       |     1 ||     1
  Use: Potion            |       |       |     6 ||     6
 Stab: Sleeping          |     3 |     1 |       ||     4
       Paralysed         |       |       |     3 ||     3
Armor: Robe              |    71 |    81 |    27 ||   179
Dodge: Dodged            |   111 |   157 |    81 ||   349

Table legend: (Time is in decaauts)
 A = Elapsed time spent in this place.
 B = Non-inter-level travel time spent in this place.
 C = Inter-level travel time spent in this place.
 D = Time resting spent in this place.
 E = Time spent auto-exploring this place.
 F = Levels seen in this place.
 G = Mean time per level.
                   A        B        C        D        E       F      G
               +--------+--------+--------+--------+--------+-----+--------+
         Total |   3385 |   3273 |    112 |     91 |   2195 |   5 |  677.0 |
       Dungeon |   3385 |   3273 |    112 |     91 |   2195 |   5 |  677.0 |
               +--------+--------+--------+--------+--------+-----+--------+

Top non-repeatable levels by time:
     D:4: 1087 daAuts
     D:1: 975 daAuts
     D:2: 663 daAuts
     D:3: 651 daAuts
     D:5: 6 daAuts
